 Dungeon Crawl Stone Soup version 0.30-a0-458-g86641cc369 (webtiles) character file.

Game seed: 17057394239737443992

2050 PyroL the Grasshopper (level 9, 0/112 HPs)
             Began as a Green Draconian Warper on Dec 14, 2022.
             Slain by Maggie
             ... wielding a +1 long sword of flaming
              (11 damage)
             ... on level 6 of the Dungeon.
             The game lasted 00:15:28 (5638 turns).

PyroL the Grasshopper (Green Draconian Warper)      Turns: 5638, Time: 00:15:29

Health: 0/112      AC: 31    Str: 15    XL:     9   Next: 4%
Magic:  4/16       EV:  2    Int: 15    God:
Gold:   371        SH:  0    Dex: 12    Spells: 12/18 levels left

rFire   . . .      SeeInvis +    G - +1 falchion (protect)
rCold   . . .      Faith    .    (no shield)
rNeg    . . .      Spirit   .    (body armour unavailable)
rPois   +          Reflect  .    (helmet currently unavailable)
rElec   .          Harm     .    (cloak currently unavailable)
rCorr   .          Rampage  .    (gloves currently unavailable)
Will    .....      NoTele   +    (boots currently unavailable)
Stlth   +.........               m - amulet of regeneration
HPRegen 1.18/turn                v - ring of flight
MPRegen 0.15/turn                F - ring of see invisible

@: tree-form, under a protective aura
A: stationary, stasis, torment immunity, boosted hp, (breathe noxious fumes), AC
+7, unfitting armour, (poison resistance), (cold-blooded)
a: no special abilities


You were on level 6 of the Dungeon.
You were a tree.
You visited 1 branch of the dungeon, and saw 6 of its levels.

You collected 371 gold pieces.

Inventory:

Hand Weapons
 G - a +1 falchion of protection (weapon)
Missiles
 c - 6 boomerangs of dispersal (quivered)
 s - 10 poisoned darts
 w - 5 boomerangs
 D - 2 atropa-tipped darts
Armour
 i - a +2 hat (melded)
 y - a +0 cloak (melded)
Jewellery
 j - an amulet of reflection
 m - an amulet of regeneration (around neck)
 q - an amulet of faith
 v - a ring of flight (left branch)
 F - a ring of see invisible (right branch)
Wands
 r - a wand of paralysis (14)
 t - a wand of quicksilver (3)
 E - a wand of iceblast (11)
Scrolls
 b - 3 scrolls of blinking
 d - 2 scrolls of amnesia {unknown}
 e - 4 scrolls of teleportation {unknown}
 h - 3 scrolls of fear {unknown}
 k - a scroll of acquirement {unknown}
 n - a scroll of enchant armour {unknown}
 o - 5 scrolls of identify {unknown}
 x - a scroll of brand weapon {unknown}
 A - a scroll of fog {unknown}
 B - a scroll of enchant weapon {unknown}
Potions
 f - a potion of brilliance {unknown}
 g - a potion of cancellation {unknown}
 l - 2 potions of might {unknown}
 p - a potion of attraction {unknown}
 u - 2 potions of haste {unknown}
 z - 2 potions of lignification
 C - a potion of heal wounds


   Skills:
 + Level 6.0 Fighting
 - Level 2.0 Maces & Flails
 - Level 0.8 Throwing
 - Level 2.1 Dodging
 - Level 3.6 Unarmed Combat
 + Level 5.1 Spellcasting
 * Level 7.9 Translocations
 * Level 4.0 Transmutations


You had 12 spell levels left.
You knew the following spells:

 Your Spells              Type           Power      Damage    Failure   Level
a - Blink                 Tloc           54%        N/A       1%          2
b - Manifold Assault      Tloc           27%        N/A       6%          4

Your spell library contained the following spells:

 Spells                   Type           Power      Damage    Failure   Level
 Lesser Beckoning         Tloc           54%        N/A       1%          3
 Teleport Other           Tloc           27%        N/A       1%          3
 Momentum Strike          Conj/Tloc      30%        3d8       4%          2
 Vhi's Electric Charge    Tloc/Air       30%        N/A       10%         3
 Ensorcelled Hibernation  Hex/Ice        6%         N/A       24%         2
 Static Discharge         Conj/Air       6%         2-3/arc   24%         2
 Hailstorm                Conj/Ice       3%         3d3       43%         3
 Petrify                  Tmut/Erth      9%         N/A       56%         4
 Animate Dead             Necr           3%         N/A       85%         4
 Arcjolt                  Conj/Air       1%         1d11      99%         5
 Lightning Bolt           Conj/Air       1%         1d12      99%         5
 Statue Form              Tmut/Erth      6%         N/A       100%        6
 Haunt                    Necr/Summ      1%         N/A       100%        7
 Infestation              Necr           1%         N/A       100%        8


Dungeon Overview and Level Annotations

Branches:
Dungeon (6/15)
 Temple: D:4-7

Altars:
Yredelemnul
The Shining One

Annotations:
D:2 1 runed translucent door, Crazy Yiuf
D:4 2 transporters, BlueFish's ghost, amateur MiFi
D:5 4 runed translucent doors
D:6 Maggie


Innate Abilities, Weirdness & Mutations

You are a tree.
Your roots penetrate the ground, keeping you stationary.
You cannot be teleported.
You are immune to unholy pain and torment.
Your maximum health is greatly increased.
Your equipment is partially melded.
((You can breathe blasts of noxious fumes.))
((Your lurid green scales are hard. (AC +7)))
You cannot fit into any form of body armour.
((Your system is resistant to poisons. (rPois)))
((You are cold-blooded and may be slowed by cold attacks.))


Message History

Maggie is almost dead.
Maggie hits you with a +1 long sword of flaming.
* * * LOW HITPOINT WARNING * * *
Maggie burns you.
* * * LOW HITPOINT WARNING * * *
Unknown command.
You hit Maggie.
Maggie is almost dead.
Maggie hits you with a +1 long sword of flaming.
* * * LOW HITPOINT WARNING * * *
Maggie burns you.
* * * LOW HITPOINT WARNING * * *
Unknown command.
Casting: Blink (safe; 1% risk of failure)
Confirm with . or Enter, or press ? or * to list all spells.
Space momentarily warps into an impossible shape!
You closely miss Maggie. Maggie hits you but does no damage. x2
Unknown command.
You barely miss Maggie.
Maggie is almost dead.
Maggie hits you but does no damage.
Unknown command.
You closely miss Maggie.
Maggie is almost dead.
Maggie hits you with a +1 long sword of flaming.
* * * LOW HITPOINT WARNING * * *
Maggie burns you.
* * * LOW HITPOINT WARNING * * *
Unknown command.
You hit Maggie but do no damage.
Your weapon exudes an aura of protection.
Maggie is almost dead.
Maggie points at you and mumbles some strange words.
The bolt of fire hits you.
* * * LOW HITPOINT WARNING * * *
Maggie barely misses you.
You closely miss Maggie.
Maggie is almost dead.
Maggie hits you with a +1 long sword of flaming!
You die...

##..#......##....##....#
.........###........##..
#.....[...............# .##
#......................#####...#
...........(...........÷.......#
.......................#.......#
....................####.......
. #...................##.......#
. #........#....♣......#.#.....#
.##.......###...@.(...[...#..###
...........##.###.........##.#
..............####.......## ..
.#.)...##..#..............# .#
...........#...#.........##
..........##........##.###
....................####
..............#.....#


You could see Maggie.

Vanquished Creatures
  Eustachio (D:4)
  A wyvern (D:6)
  4 water moccasins
  An ice beast (D:5)
  An ogre (D:5)
  2 necrophages
  A bullfrog (D:6)
  Blork the orc (D:5)
  4 scorpions
  A killer bee (D:5)
  2 howler monkeys
  2 hounds (D:5)
  2 jellies
  Jessica (D:3)
  6 iguanas
  Terence (D:2)
  An orc wizard (D:5)
  7 adders
  7 gnolls
  An ufetubus (D:5)
  2 worms
  4 dart slugs (D:1)
  6 orcs
  7 endoplasms
  4 giant cockroaches
  9 goblins
  3 hobgoblins
  3 quokkas
  6 ball pythons
  4 bats (D:1)
  4 frilled lizards
  3 kobolds
  8 rats
110 creatures vanquished.

Vanquished Creatures (others)
  A fungus (D:2)
1 creature vanquished.

Grand Total: 111 creatures vanquished

Notes
Turn   | Place    | Note
-------+----------+-------------------------------------------
     0 | D:1      | PyroL the Draconian Warper began the quest for the Orb.
     0 | D:1      | Reached XP level 1. HP: 17/17 MP: 3/3
   107 | D:1      | Reached XP level 2. HP: 23/25 MP: 5/5
   587 | D:1      | Reached XP level 3. HP: 20/30 MP: 6/6
  1115 | D:2      | Found a glowing golden altar of the Shining One.
  1177 | D:2      | Noticed Terence
  1187 | D:2      | Killed Terence
  1188 | D:2      | Reached skill level 4 in Translocations
  1188 | D:2      | Reached XP level 4. HP: 25/37 MP: 7/7
  1191 | D:2      | Learned a level 2 spell: Blink
  1487 | D:2      | Found a faded altar of an unknown god.
  1847 | D:2      | Found a runed translucent door.
  1848 | D:2      | Noticed Crazy Yiuf
  1919 | D:3      | Noticed Jessica
  1924 | D:3      | Killed Jessica
  1925 | D:3      | Reached skill level 1 in Unarmed Combat
  2372 | D:2      | Reached XP level 5. HP: 36/45 MP: 9/9
  3235 | D:4      | Noticed BlueFish's ghost (amateur MiFi)
  3235 | D:4      | Noticed a wyvern
  3236 | D:4      | Found a transporter.
  3446 | D:4      | Reached XP level 6. HP: 52/52 MP: 10/10
  3530 | D:4      | Reached skill level 5 in Translocations
  3609 | D:4      | Found a transporter.
  3839 | D:5      | Entered Level 5 of the Dungeon
  3982 | D:5      | Noticed Eustachio
  4180 | D:4      | Killed Eustachio
  4181 | D:4      | Your scales start taking on a lurid green colour.
  4181 | D:4      | Reached XP level 7. HP: 48/60 MP: 10/12
  4181 | D:4      | Gained mutation: Your system is resistant to poisons.
                  | (rPois) [Green Draconian growth]
  4242 | D:5      | Reached skill level 6 in Translocations
  4377 | D:5      | Noticed Blork the orc
  4391 | D:5      | Killed Blork the orc
  4434 | D:5      | Found a large runed translucent door.
  4435 | D:5      | Found a large runed translucent door.
  4445 | D:5      | Noticed a wraith
  4446 | D:5      | Noticed a wraith
  4455 | D:5      | Found a large runed translucent door.
  4455 | D:5      | Found a large runed translucent door.
  4554 | D:5      | Reached skill level 5 in Fighting
  4554 | D:5      | Reached XP level 8. HP: 31/68 MP: 14/14
  4600 | D:5      | Got Dekaynoe's Precepts of Freezing Permutations
  4783 | D:4      | Reached skill level 1 in Transmutations
  4874 | D:5      | Reached skill level 7 in Translocations
  5076 | D:5      | Found a basalt altar of Yredelemnul.
  5175 | D:6      | Noticed Maggie
  5218 | D:6      | Learned a level 4 spell: Manifold Assault
  5409 | D:5      | Reached skill level 5 in Spellcasting
  5534 | D:6      | Reached XP level 9. HP: 75/75 MP: 16/16
  5638 | D:6      | Slain by Maggie

Illustrated notes

Levels and vault maps discovered:
D:1:      scummos_arrival_forest, layout_loops_cross
D:2:      layout_basic, basic_ecumenical_altar, basic_altar, st_stairs_12,
          uniq_terence, uniq_crazy_yiuf_cottage
D:3:      layout_loops_ring, uniq_jessica
D:4:      layout_loops_cross, gammafunk_ghost_arena
D:5:      layout_rooms, lemuel_coloured_pillars_altar,
          minmay_hollow_rounded_squares, uniq_eustachio, uniq_blork_the_orc
D:6:      layout_cave_pools, mainiacjoe_overflow_alcove_4,
          mainiacjoe_overflow_boulevard, uniq_maggie

Skill      XL: |  1  2  3  4  5  6  7  8  9 |
---------------+----------------------------+-----
Translocations | 4 5 6 7 |  7.9
Fighting       | 3 4 5 6 |  6.0
Unarmed Combat | 1 2 3 |  3.6
Spellcasting   | 3 4 5 |  5.1
Transmutations | 3 4 |  4.0
Maces & Flails | |  2.0
Throwing       | |  0.8
Dodging        | |  2.1

Action                   |  1- 3 |  4- 6 |  7- 9 || total
-------------------------+-------+-------+-------++-------
Melee: Mace              |   139 |   309 |   179 ||   627
       Tailslap          |    16 |    36 |    60 ||   112
       Punch             |     1 |     7 |     8 ||    16
       Falchion          |       |       |   247 ||   247
Throw: Boomerang         |     1 |       |       ||     1
 Cast: Blink             |       |     5 |     5 ||    10
       Manifold Assault  |       |       |    10 ||    10
 Abil: Breathe Noxious F |       |       |     1 ||     1
Evoke: Wand              |       |       |     1 ||     1
  Use: Potion            |       |       |     4 ||     4
 Stab: Sleeping          |     1 |     2 |       ||     3
Armor: Skin              |    43 |   213 |   291 ||   547
Dodge: Dodged            |   116 |   381 |   324 ||   821
Block: Other             |    13 |       |       ||    13

Table legend: (Time is in decaauts)
 A = Elapsed time spent in this place.
 B = Non-inter-level travel time spent in this place.
 C = Inter-level travel time spent in this place.
 D = Time resting spent in this place.
 E = Time spent auto-exploring this place.
 F = Levels seen in this place.
 G = Mean time per level.
                   A        B        C        D        E       F      G
               +--------+--------+--------+--------+--------+-----+--------+
         Total |   5910 |   5750 |    160 |    843 |   2946 |   6 |  985.0 |
       Dungeon |   5910 |   5750 |    160 |    843 |   2946 |   6 |  985.0 |
               +--------+--------+--------+--------+--------+-----+--------+

Top non-repeatable levels by time:
     D:2: 1646 daAuts
     D:5: 1268 daAuts
     D:4: 1057 daAuts
     D:1: 853 daAuts
     D:3: 699 daAuts
     D:6: 384 daAuts
